Map: Berlingrad LE

Players

Duck

  • Race: Terran Terran
  • League: Master
  • Spawn Location: 5:00

Pumba - Winner!

  • Race: Protoss Protoss
  • League: Master
  • Spawn Location: 11:00

VOD

Have the link to the VOD?

Description

Time

  • Played on: April 5, 2022, 7:42 p.m.
  • Length: 14:53
Show
View Real Time Build Order
Export as new Build Order

Duck Terran 

Build Orders: Reaper Expand 

Get SALT Encoding   

  12  0:00  SCV  
  13  0:12  SCV  
  14  0:17  Supply Depot  
  14  0:24  SCV  
  15  0:38  SCV  
  15  0:40  Barracks  
  16  0:43  Refinery  
  16  0:50  SCV  
  17  1:02  SCV  
  18  1:14  SCV  
  19  1:28  Reaper, Orbital Command  
  20  1:45  Command Center  
  20  1:54  Supply Depot  
  20  1:55  SCV  
  22  2:08  Barracks Reactor, SCV  
  22  2:12  Barracks  
  22  2:20  SCV  
  23  2:26  Bunker  
  23  2:32  SCV  
  25  2:44  SCV  
  25  2:45  Marine x2  
  25  2:46  Barracks  
  27  2:54  Refinery  
  27  2:56  SCV  
  27  2:57  Orbital Command  
  28  3:08  SCV, Marine x2  
  28  3:09  Barracks Tech Lab  
  31  3:20  SCV  
  31  3:26  SCV, Marine x2  
  35  3:28  Marine  
  35  3:29  Stimpack  
  35  3:32  SCV  
  37  3:34  Barracks Tech Lab  
  37  3:39  SCV  
  37  3:40  Factory  
  38  3:44  SCV  
  38  3:48  Marine x2  
  40  3:49  Marine  
  40  3:51  Supply Depot, SCV  
  43  3:57  SCV  
  43  3:58  Combat Shield, Marine  
  43  4:02  Supply Depot  
  45  4:05  SCV  
  46  4:12  Marine x2  
  46  4:13  Engineering Bay, SCV  
  49  4:17  Refinery, Marine  
  49  4:18  Marine  
  49  4:21  SCV  
  52  4:26  Supply Depot  
  52  4:30  SCV, Marine  
  54  4:37  SCV  
  54  4:40  Factory Reactor  
  54  4:42  SCV, Marauder  
  54  4:43  Starport  
  57  4:47  Terran Infantry Weapons Level 1  
  57  4:49  SCV  
  57  4:52  Marauder, Marine  
  60  4:53  Marine  
  60  4:56  SCV  
  60  4:59  Supply Depot  
  63  5:02  SCV  
  63  5:04  Marauder  
  66  5:08  SCV  
  66  5:09  Refinery, Concussive Shells  
  66  5:10  Marine  
  66  5:11  Marine  
  69  5:20  Marauder  
  70  5:25  Marauder  
  70  5:28  Supply Depot, Marine  
  74  5:31  SCV  
  72  5:36  Supply Depot  
  72  5:41  Command Center  
  72  5:42  Medivac, Marauder  
  74  5:43  Medivac  
  78  5:50  SCV, Marauder, Marine x2  
  78  5:56  Factory Reactor  
  81  6:03  Supply Depot  
  81  6:04  Marauder  
  81  6:07  Barracks  
  81  6:10  Supply Depot  
  83  6:12  Marauder, Marine x2  
  87  6:23  Barracks, SCV x2  
  87  6:25  Marine  
  87  6:29  Marine  
  87  6:30  Marine  
  89  6:33  Marauder  
  89  6:34  Supply Depot  
  89  6:38  Supply Depot  
  91  6:40  Engineering Bay  
  91  6:42  Armory  
  91  6:43  Marine  
  85  7:00  Marine  
  85  7:01  Marauder x2, Marine  
  87  7:02  Barracks Tech Lab  
  74  7:12  SCV  
  74  7:14  Barracks Reactor  
  74  7:15  Widow Mine x2  
  77  7:19  Terran Infantry Armor Level 1  
  77  7:21  SCV  
  77  7:22  Orbital Command  
  78  7:26  Marine x2  
  78  7:27  Marauder x2, Marine  
  81  7:34  Terran Infantry Weapons Level 2  
  81  7:44  Marine x3  
  81  7:48  Marine, Orbital Command  
  81  7:49  Marauder  
  89  7:51  Widow Mine  
  89  7:52  Widow Mine  
  89  7:56  SCV x2  
  93  8:02  Marine x3  
  93  8:03  Medivac x2, Marauder  
  102  8:06  Marine  
  102  8:07  Marauder  
  102  8:10  Marauder  
  107  8:14  SCV x2  
  107  8:20  Marine x3  
  107  8:23  Marine  
  107  8:24  Marauder  
  113  8:27  SCV x2  
  113  8:28  SCV, Marauder  
  113  8:31  Marine  
  113  8:33  Medivac x2, Widow Mine  
  124  8:38  Marine  
  124  8:39  SCV x2  
  127  8:42  Supply Depot, SCV  
  127  8:44  Supply Depot  
  127  8:46  Marauder  
  127  8:47  Marine  
  127  8:48  Widow Mine, Marine  
  134  8:49  Marauder  
  134  8:51  SCV  
  134  8:52  SCV  
  134  8:53  Marine x2  
  134  8:54  SCV  
  141  8:59  Supply Depot  
  141  9:01  Supply Depot  
  141  9:03  Marine  
  141  9:04  Widow Mine  
  141  9:05  Marine x2  
  141  9:06  Marine  
  147  9:11  Marauder, Marine x2  
  147  9:13  Widow Mine  
  153  9:19  Ghost Academy  
  153  9:21  Marine  
  152  9:25  Widow Mine, Marauder  
  152  9:28  Marine x2  
  152  9:30  Marauder  
  153  9:31  Marine  
  153  9:32  Marauder  
  153  9:35  Widow Mine  
  149  9:39  Marine  
  135  9:46  Widow Mine, Marauder, Marine x2  
  135  9:49  Marine  
  135  9:51  Marauder  
  132  9:53  Marine  
  132  9:56  Widow Mine, Marine  
  132  9:58  SCV, Factory  
  125  10:02  Barracks  
  125  10:03  Barracks  
  125  10:04  Barracks, Enhanced Shockwaves, Marine x2  
  125  10:06  Supply Depot  
  126  10:07  Marauder  
  126  10:08  Widow Mine  
  126  10:11  Marauder  
  126  10:13  Marauder  
  134  10:20  Marine x2  
  136  10:21  Widow Mine  
  136  10:22  Marine  
  136  10:28  Ghost  
  139  10:29  Widow Mine  
  139  10:31  Marine  
  139  10:32  Ghost  
  146  10:38  SCV, Marine x2  
  146  10:39  Marine  
  146  10:40  Refinery  
  146  10:41  Command Center  
  146  10:43  Refinery  
  146  10:48  Ghost  
  146  10:49  Marine  
  147  10:51  Barracks Tech Lab  
  147  10:55  Supply Depot  
  147  10:56  Marine x2  
  149  11:03  Marine  
  151  11:04  Supply Depot, Barracks Reactor  
  151  11:05  Marauder, Marine  
  151  11:09  Marine x2  
  155  11:14  Command Center  
  155  11:16  Marine x2, Ghost  
  159  11:23  Marauder  
  161  11:27  Marauder x2  
  148  11:44  Marine x4  
  148  11:45  Marauder  
  148  11:46  Marauder  
  111  11:55  Marauder, Marine x3  
  102  12:02  Marine x4  
  102  12:06  Marauder  
  102  12:07  Marauder  
  94  12:12  Widow Mine x2, Marine  
  94  12:13  Marauder, Marine  
  92  12:16  Marine  
  92  12:19  Marine x2  
  92  12:20  Marine x2  
  92  12:22  SCV x2  
  88  12:23  SCV, Orbital Command  
  88  12:27  Marauder  
  88  12:29  Marauder  
  92  12:30  Marine x2  
  92  12:35  Marauder x2  
  96  12:37  Marine x3  
  97  12:45  SCV x3  
  97  12:46  Marine  
  97  12:48  Marine  
  97  12:49  Marauder  
  97  12:50  Medivac, Marauder  
  97  12:51  Medivac  
  110  12:55  Ghost x2  
  110  12:56  Widow Mine  
  110  12:58  Sensor Tower  
  116  12:59  Widow Mine  
  116  13:03  SCV x4  
  122  13:09  Ghost  
  124  13:15  SCV x3  
  127  13:24  Marine x3  
  127  13:25  Marine x2  
  132  13:27  SCV  
  132  13:33  Marine x2  
  132  13:34  Marauder, Marine  
  136  13:39  Marauder  
  141  13:42  Marine x3  
  141  13:44  Marine x2  
  146  13:51  Missile Turret, Marine x2  
  146  13:52  Marauder  
  146  13:55  Marine  
  147  13:59  Marine  
  147  14:00  Marine  
  121  14:10  Marauder  
  121  14:13  Marine x3  
  121  14:14  Marauder x2, Marine x2  
  97  14:18  Marauder, Marine  
  97  14:31  Marauder, Marine  
Show
View Real Time Build Order
Export as new Build Order

Pumba Protoss - Winner!

Build Orders: 1 Gate Expand, Double Forge, Blink Stalkers 

Get SALT Encoding   

  12  0:00  Probe  
  13  0:12  Probe  
  14  0:22  Pylon  
  14  0:24  Probe  
  15  0:40  Probe (Chrono Boost)  
  15  0:41  Gateway  
  16  0:49  Probe (Chrono Boost)  
  17  0:51  Assimilator  
  17  0:54  Probe (Chrono Boost)  
  18  1:06  Probe  
  19  1:18  Probe  
  19  1:25  Nexus  
  20  1:37  Cybernetics Core  
  20  1:38  Probe  
  21  1:50  Probe, Assimilator  
  21  1:53  Pylon  
  22  2:05  Probe  
  23  2:12  Adept (Chrono Boost)  
  25  2:15  Warp Gate  
  25  2:17  Probe  
  26  2:27  Twilight Council  
  26  2:29  Probe  
  27  2:36  Probe  
  28  2:43  Probe (Chrono Boost)  
  29  2:46  Sentry  
  29  2:48  Probe (Chrono Boost)  
  34  2:59  Probe x2 (Chrono Boost)  
  34  3:04  Probe (Chrono Boost)  
  34  3:05  Probe  
  36  3:14  Blink (Chrono Boost)  
  36  3:15  Probe  
  36  3:18  Probe  
  37  3:25  Stalker  
  39  3:27  Probe  
  39  3:30  Probe, Gateway  
  39  3:32  Pylon  
  41  3:39  Probe  
  42  3:42  Probe  
  42  3:46  Nexus  
  43  3:49  Pylon  
  43  3:51  Probe  
  43  3:54  Probe  
  43  4:03  Probe  
  43  4:05  Stalker, Assimilator  
  43  4:06  Probe  
  47  4:15  Probe  
  48  4:21  Forge  
  48  4:24  Forge  
  48  4:25  Stalker  
  48  4:30  Shield Battery  
  50  4:32  Probe  
  50  4:34  Shield Battery, Stalker  
  52  4:39  Probe  
  52  4:44  Probe  
  52  4:45  Stalker  
  56  4:52  Protoss Ground Weapons Level 1 (Chrono Boost), Probe, Protoss Ground Armor Level 1 (Chrono Boost)  
  57  4:53  Stalker  
  59  5:02  Probe x2  
  61  5:08  Gateway, Stalker  
  61  5:09  Gateway  
  63  5:22  Stalker  
  63  5:26  Probe x3  
  68  5:33  Charge  
  68  5:34  Pylon  
  68  5:36  Pylon  
  68  5:37  Gateway  
  68  5:38  Probe x2  
  68  5:39  Gateway  
  68  5:40  Gateway  
  70  5:45  Gateway  
  70  5:46  Probe  
  71  5:50  Probe  
  72  6:00  Zealot x2  
  76  6:05  Gateway  
  76  6:06  Probe x2  
  78  6:14  Zealot  
  78  6:15  Zealot  
  78  6:16  Pylon  
  78  6:18  Pylon  
  82  6:21  Gateway  
  82  6:25  Pylon  
  82  6:26  Zealot  
  82  6:27  Shield Battery, Zealot  
  82  6:28  Pylon  
  82  6:31  Pylon  
  86  6:36  Zealot x3  
  86  6:37  Zealot x2  
  96  6:40  Pylon  
  96  6:52  Stalker x2  
  90  7:00  Sentry  
  90  7:01  Sentry  
  86  7:05  Zealot x3  
  88  7:11  Zealot x2  
  88  7:13  Nexus  
  92  7:16  Probe x2  
  92  7:17  Shield Battery, Probe  
  95  7:23  Assimilator  
  95  7:26  Templar Archives, Assimilator  
  95  7:28  Probe  
  95  7:29  Probe x2  
  98  7:34  Protoss Ground Armor Level 2 (Chrono Boost)  
  98  7:40  Probe  
  98  7:41  Probe x2  
  101  7:44  Stalker x2  
  105  7:52  Probe  
  105  7:53  Probe x2 (Chrono Boost)  
  108  7:58  Protoss Ground Weapons Level 2 (Chrono Boost)  
  108  8:05  Probe (Chrono Boost), Assimilator  
  111  8:09  Assimilator  
  111  8:10  Probe (Chrono Boost)  
  111  8:11  Probe (Chrono Boost)  
  111  8:14  Probe (Chrono Boost)  
  111  8:15  Psionic Storm  
  111  8:18  Probe (Chrono Boost)  
  111  8:23  Probe x2  
  113  8:28  Pylon  
  113  8:31  Zealot x3  
  113  8:32  Probe, Pylon  
  120  8:36  Zealot x6  
  120  8:37  Zealot  
  120  8:39  Probe x2  
  136  8:41  Probe  
  136  8:44  Assimilator  
  136  8:47  Assimilator  
  138  8:51  Photon Cannon, Pylon  
  137  9:00  High Templar x3  
  143  9:06  Robotics Facility  
  143  9:09  Probe  
  142  9:17  Zealot x2  
  142  9:20  High Templar x2  
  142  9:21  Zealot x3  
  128  9:35  Zealot x2  
  128  9:36  Zealot  
  113  9:43  Archon x2  
  113  9:44  Zealot x5  
  111  10:02  Warp Prism (Chrono Boost)  
  111  10:03  High Templar x5  
  123  10:09  Photon Cannon  
  123  10:13  Photon Cannon, Pylon  
  123  10:16  Shield Battery, Photon Cannon  
  123  10:18  Protoss Ground Armor Level 3 (Chrono Boost)  
  123  10:20  Protoss Ground Weapons Level 3 (Chrono Boost)  
  123  10:21  Zealot x5  
  125  10:34  Observer (Chrono Boost)  
  116  10:37  Probe  
  116  10:39  High Templar x2  
  121  10:45  Zealot x8  
  121  10:47  Observer (Chrono Boost)  
  138  11:23  Pylon  
  138  11:24  Zealot x8  
  138  11:25  Nexus, Zealot  
  156  11:26  Pylon  
  156  11:29  Assimilator  
  156  11:32  Assimilator  
  146  11:34  Pylon  
  146  11:37  Pylon  
  146  11:38  Observer (Chrono Boost), Archon  
  130  11:43  Zealot  
  111  11:49  Zealot x9  
  121  11:57  Observer (Chrono Boost)  
  121  12:00  Gateway  
  104  12:02  Gateway  
  104  12:05  Gateway  
  104  12:07  Probe x3  
  107  12:10  Observer (Chrono Boost)  
  107  12:12  Zealot x6  
  107  12:13  Zealot x3  
  120  12:19  High Templar  
  106  12:24  Robotics Facility, Robotics Bay  
  106  12:28  Warp Prism (Chrono Boost), Probe x2  
  106  12:29  Photon Cannon  
  106  12:31  Photon Cannon  
  106  12:32  Shield Battery  
  106  12:34  Shield Battery  
  104  12:41  Zealot x5  
  108  12:45  Dark Shrine  
  108  12:50  High Templar  
  108  12:51  High Templar x3  
  116  12:53  High Templar  
  116  12:55  High Templar  
  116  12:57  High Templar  
  122  13:01  High Templar  
  124  13:07  Zealot  
  124  13:08  Stalker x4  
  124  13:11  Colossus (Chrono Boost)  
  137  13:13  Colossus (Chrono Boost)  
  146  13:27  Stalker x2  
  146  13:28  Zealot x4  
  158  13:46  Zealot, Stalker x2  
  158  13:47  Nexus, Zealot x4  
  172  13:48  Pylon  
  172  13:58  Archon  
  172  13:59  Zealot x2  
  172  14:00  Zealot x4  
  164  14:33  High Templar x2  
Tags
 
Add a new tag
Caveats
  • Supply blocks, unpowered buildings, or Contaminate may cause inaccurate times.
  • Supply counts are checked every 10 seconds.